 Dungeon Crawl Stone Soup version 0.28-a0-589-g333b8329f1 (webtiles) character file.

Game seed: 9166513323302047483

16 sizableburger the Skirmisher (level 2, 0/24 HPs)
             Began as a Mummy Cinder Acolyte on Oct 4, 2021.
             Was a High Priest of Ignis.
             Slain by an adder (2 damage)
             ... on level 1 of the Dungeon.
             The game lasted 00:02:44 (1406 turns).

sizableburger the Skirmisher (Mummy Cinder Acolyte) Turns: 1406, Time: 00:02:44

Health: 0/24       AC:  2    Str: 23    XL:     2   Next: 41%
Magic:  4/4        EV: 11    Int: 13    God:    Ignis [*****.]
Gold:   97         SH:  0    Dex:  7    Spells: 3/3 levels left

rFire   . . .      SeeInvis .   a - -1 falchion (flame)
rCold   + . .      Faith    .   (no shield)
rNeg    + + +      Spirit   .   b - +0 robe
rPois   ∞          Reflect  .   (no helmet)
rElec   .          Harm     .   (no cloak)
rCorr   .          Rampage  .   (no gloves)
Will    .....                   (no boots)
Stlth   +.........              (no amulet)
HPRegen 0.08/turn               d - +6 ring of strength
MPRegen 0.09/turn               (no ring)

@: no status effects
A: cold resistance 1, negative energy resistance 3, torment resistance 2, heat
vulnerability 1, no potions
a: Renounce Religion, Sea of Fire, Foxfire Swarm, Rising Flame


You were on level 1 of the Dungeon.
You worshipped Ignis.
Ignis was extremely pleased with you.
You visited 1 branch of the dungeon, and saw 2 of its levels.

You collected 97 gold pieces.

Inventory:

Hand Weapons
 a - a -1 falchion of flaming (weapon)
Armour
 b - a +0 robe (worn)
Jewellery
 c - a ring of resist corrosion
 d - a +6 ring of strength (left hand)
Scrolls
 e - 2 scrolls of identify


   Skills:
 + Level 3.3 Fighting
 + Level 2.6 Long Blades
 + Level 0.8 Dodging
 - Level 1.3 Spellcasting
 - Level 2.4 Fire Magic


You had 3 spell levels left.
You didn't know any spells.
Your spell library contained the following spells:

 Spells                   Type           Power      Damage    Failure   Level
 Scorch                   Fire           14%        2d6       16%         2


Dungeon Overview and Level Annotations

Branches:
Dungeon (2/15)

Altars:


Innate Abilities, Weirdness & Mutations

You are immune to poison.
Your flesh is cold resistant. (rC+)
You are immune to negative energy. (rN+++)
You are immune to unholy pain and torment.
You are vulnerable to heat. (rF-)
You do not drink.


Message History

The adder barely misses you.
You completely miss the adder. The adder barely misses you.
The adder misses you.
You barely miss the adder. The adder bites you.
* * * LOW HITPOINT WARNING * * *
Okay, then.
Okay, then.
As you read the scroll labelled SYJUSS IF KEPE, it crumbles to dust.
It is a scroll of identify.
You don't have any unidentified items.
The adder misses you.
Okay, then.
The adder barely misses you. The adder barely misses you. The adder bites you.
* * * LOW HITPOINT WARNING * * *
Okay, then.
The adder barely misses you. The adder bites you but does no damage.
A ball python comes into view.
The ball python hisses angrily.
The adder barely misses you. The adder bites you.
* * * LOW HITPOINT WARNING * * *
There is a stone staircase leading up here.
You can't go down here!
The adder closely misses you.
You climb upwards.
There is a stone staircase leading down here.
The adder barely misses you. The adder closely misses you.
The adder bites you but does no damage. The adder barely misses you.
The adder bites you.
* * * LOW HITPOINT WARNING * * *
The adder closely misses you.
Okay, then.
You feel stronger.
d - a +6 ring of strength (left hand)
The adder bites you.
You die...

#(.....##.......#....#....##....
#......##.......##...##....###..
#......##........#..[.##.....###
#......##........##....###......
#......##.........##.....####...
#########.......#..##.......####
####.......##..####........
####..........##.....####.....
#............@S.........######
#.##........####.#####....##
#.##.................#.##..#
#.###........#..........##.# #.#
#.....##.#..........##.# #.#
#.....##.#.....)....##.#
###.###.....##.#............>#
#....##...................#..#
#....########.######......#.##


You could see an adder.

Vanquished Creatures
  An endoplasm (D:2)
  2 giant cockroaches (D:1)
  2 goblins (D:1)
  A hobgoblin (D:1)
  3 kobolds (D:1)
  A quokka (D:1)
  4 frilled lizards (D:1)
  A rat (D:1)
15 creatures vanquished.

Notes
Turn   | Place    | Note
-------+----------+-------------------------------------------
     0 | D:1      | sizableburger the Mummy Cinder Acolyte began the quest for
                  | the Orb.
     0 | D:1      | Reached XP level 1. HP: 18/18 MP: 2/2
   669 | D:1      | Reached XP level 2. HP: 17/24 MP: 4/4
  1140 | D:1      | Found a faded altar of an unknown god.
  1383 | D:2      | HP: 1/24 [adder (3)]
  1406 | D:1      | Slain by an adder

Illustrated notes

Levels and vault maps discovered:
D:1:      dpeg_arrival_circle_labyrinth_a, layout_basic,
          shapermc_ecumenical_altar_mp_vishouse, minmay_hexomino_u4
D:2:      layout_basic, minmay_misc_feat_tiny

Action                   || total
-------------------------++-------
Melee: Falchion          ||    68
  Use: Scroll            ||     1
Armor: Robe              ||    10
Dodge: Dodged            ||    56

Table legend: (Time is in decaauts)
 A = Elapsed time spent in this place.
 B = Non-inter-level travel time spent in this place.
 C = Inter-level travel time spent in this place.
 D = Time resting spent in this place.
 E = Time spent auto-exploring this place.
 F = Levels seen in this place.
 G = Mean time per level.
                   A        B        C        D        E       F      G
               +--------+--------+--------+--------+--------+-----+--------+
         Total |   1417 |   1404 |     13 |    362 |    808 |   2 |  708.5 |
       Dungeon |   1417 |   1404 |     13 |    362 |    808 |   2 |  708.5 |
               +--------+--------+--------+--------+--------+-----+--------+

Top non-repeatable levels by time:
     D:1: 1296 daAuts
     D:2: 121 daAuts
